 Dungeon Crawl Stone Soup version 0.29.1-2-gbd0b4ee654 (webtiles) character file.

Game seed: 4275001234538680933

7842 Ihaveafatcat the Cleaver (level 11, 0/97 HPs)
             Began as a Hill Orc Fighter on Nov 16, 2022.
             Was an Initiate of Gozag.
             Slain by an 11-headed hydra (9 damage)
             ... on level 10 of the Dungeon on Nov 18, 2022.
             The game lasted 00:25:46 (13249 turns).

Ihaveafatcat the Cleaver (Hill Orc Fighter)        Turns: 13249, Time: 00:25:50

Health: 0/97       AC:  9    Str: 24    XL:     11   Next: 21%
Magic:  20/20      EV: 10    Int: 12    God:    Gozag
Gold:   706        SH: 10    Dex: 10    Spells: 10/10 levels left

rFire   + . .      SeeInvis .   a - +0 war axe (venom)
rCold   + . .      Faith    .   r - +0 kite shield of the Trout {*Slow rCorr MP+9 Int+4}
rNeg    . . .      Spirit   .   b - +1 scale mail
rPois   .          Reflect  .   (no helmet)
rElec   .          Harm     .   (no cloak)
rCorr   +          Rampage  .   (no gloves)
Will    .....                   (no boots)
Stlth   +.........              (no amulet)
HPRegen 0.26/turn               j - +4 ring of slaying
MPRegen 0.17/turn               g - ring of protection from cold

@: gold aura
A: fire resistance 1
a: Renounce Religion, Potion Petition, Call Merchant, Bribe Branch


You were on level 10 of the Dungeon.
You worshipped Gozag.
Gozag was pleased with you.
You visited 2 branches of the dungeon, and saw 11 of its levels.

You collected 1575 gold pieces.
You spent 768 gold pieces at shops.
You paid 101 gold pieces to Gozag.

Inventory:

Hand Weapons
 a - a +0 war axe of venom (weapon)
 d - a +0 hammer of protection
 n - a +2 scythe of protection
Missiles
 x - 4 throwing nets (quivered)
Armour
 b - a +1 scale mail (worn)
 r - the +0 kite shield of the Trout (worn) {*Slow rCorr MP+9 Int+4}
   (You bought it in a shop on level 6 of the Dungeon)

   Int:       It affects your intelligence (+4).
   MP:        It affects your magic capacity (+9).
   rCorr:     It protects you from acid and corrosion.
   *Slow:     It may slow you when you take damage.
Jewellery
 g - a ring of protection from cold (right hand)
 j - a +4 ring of slaying (left hand)
Wands
 c - a wand of mindburst (13)
 p - a wand of roots (20)
 s - a wand of polymorph (6)
 t - a wand of paralysis (9)
 u - a wand of flame (16)
Scrolls
 f - 2 scrolls of fog
 l - 3 scrolls of teleportation
 v - 2 scrolls of poison
 w - a scroll of brand weapon
Potions
 e - a potion of flight
 h - a potion of mutation
 i - 2 potions of brilliance
 m - 2 potions of magic
 o - 3 potions of curing


   Skills:
 + Level 9.2 Fighting
 + Level 14.1 Axes
 + Level 8.9 Armour
 + Level 4.9 Dodging
 + Level 4.3 Stealth
 + Level 8.3 Shields


You had 10 spell levels left.
You didn't know any spells.
Your spell library contained the following spells:

 Spells                   Type           Power      Damage    Failure   Level
 Freeze                   Ice            0%         1d3       86%         1
 Magic Dart               Conj           0%         1d3       86%         1
 Sandblast                Erth           0%         2d4       86%         1
 Call Imp                 Summ           0%         N/A       95%         2
 Passwall                 Tmut/Erth      0%         N/A       95%         2
 Poisonous Vapours        Pois/Air       0%         N/A       95%         2
 Static Discharge         Conj/Air       0%         3-3/arc   95%         2
 Frozen Ramparts          Ice            0%         1d1       99%         3
 Gell's Gravitas          Tloc           0%         N/A       99%         3
 Lesser Beckoning         Tloc           0%         N/A       99%         3
 Mephitic Cloud           Conj/Pois/Air  0%         N/A       99%         3
 Portal Projectile        Hex/Tloc       0%         N/A       99%         3
 Stone Arrow              Conj/Erth      0%         3d7       99%         3
 Teleport Other           Tloc           0%         N/A       99%         3
 Tukima's Dance           Hex            0%         N/A       99%         3
 Animate Armour           Summ/Erth      0%         N/A       100%        4
 Dispel Undead            Necr           0%         3d6       100%        4
 Hailstorm                Conj/Ice       0%         3d3       100%        4
 Sticky Flame             Conj/Fire      0%         2d3       100%        4
 Summon Ice Beast         Ice/Summ       0%         N/A       100%        4
 Summon Lightning Spire   Summ/Air       0%         N/A       100%        4
 Blade Hands              Tmut           0%         N/A       100%        5
 Summon Mana Viper        Hex/Summ       0%         N/A       100%        5
 Iron Shot                Conj/Erth      0%         9d1       100%        6
 Statue Form              Tmut/Erth      0%         N/A       100%        6
 Monstrous Menagerie      Summ           0%         N/A       100%        7
 Storm Form               Tmut/Air       0%         N/A       100%        7
 Lehudib's Crystal Spear  Conj/Erth      0%         10d2      100%        8
 Maxwell's Capacitive Co  Air            0%         ∞         100%        8
 Corpse Rot               Necr/Pois/Air  Unusable   N/A       N/A         4

Dungeon Overview and Level Annotations

Branches:
Dungeon (10/15)            Temple (1/1) D:5            Lair (0/5) D:8
    Orc: D:9-12

Altars:
Ashenzari
Cheibriados
Dithmenos
Elyvilon
Fedhas
Gozag
Hepliaklqana
Kikubaaqudgha
Makhleb
Nemelex Xobeh
Okawaru
Qazlal
Ru
Sif Muna
Trog
Uskayaw
Vehumet
Wu Jian
Xom
Yredelemnul
Zin
The Shining One

Shops:
D:1 =   D:4 ([:**[   D:5 !   D:6 [


Innate Abilities, Weirdness & Mutations

Your flesh is heat resistant. (rF+)


Message History

Unknown command.
You are too injured to fight recklessly!
Unknown command.
You are too injured to fight recklessly!
Unknown command.
You are too injured to fight recklessly!
Unknown command.
You are too injured to fight recklessly!
Unknown command.
Unknown command.
You are too injured to fight recklessly!
Unknown command.
You are too injured to fight recklessly!
You are too injured to fight recklessly!
You lop one of the ten-headed hydra's heads off!
The nine-headed hydra grows two more!
You slash the 11-headed hydra!
The 11-headed hydra is moderately wounded.
You completely miss the kobold.
You hit the kobold brigand but do no damage.
The kobold brigand looks as sick as possible!
You slash the kobold!
You kill the kobold!
The kobold brigand hits you but does no damage.
The kobold is distracted by your dazzling golden aura.
The 11-headed hydra barely misses you.
You block the 11-headed hydra's attack. x2
The 11-headed hydra bites you. x2; The 11-headed hydra bites you!
* * * LOW HITPOINT WARNING * * *
The 11-headed hydra barely misses you. The 11-headed hydra bites you!
* * * LOW HITPOINT WARNING * * *
The 11-headed hydra bites you!
* * * LOW HITPOINT WARNING * * *
The 11-headed hydra barely misses you. The 11-headed hydra misses you.
You feel better.
The kobold is no longer distracted by gold.
You block the kobold brigand's attack. The 11-headed hydra closely misses you.
The 11-headed hydra bites you!
* * * LOW HITPOINT WARNING * * *
You block the 11-headed hydra's attack. The 11-headed hydra bites you!
You die...
Your body crumbles into a pile of gold.

#..# ##.# ########+ #.#
#........ #######.####
#........ ...........#
#........ ...........#
#........ ...........#
#........
...........####D$......
.<...........##@K.....>
...........#..'$KK.....
###############.K......
#.>...... #########


You could see a 11-headed hydra, a kobold brigand (extremely poisoned) and 3
kobolds.

Vanquished Creatures
  Harold (D:9)
  A two-headed ogre (D:9)
  A hornet (D:9)
  Sigmund (D:2)
  A wyvern (D:9)
  Eustachio (D:6)
  11 yaks
  A steam dragon (D:8)
  Menkaure (D:4)
  Edmund (D:4)
  A water moccasin (D:8)
  A sky beast (D:6)
  A black bear (D:7)
  3 ogres
  3 centaurs
  2 phantoms
  A kobold brigand (D:10)
  A necrophage (D:8)
  A scorpion (D:6)
  A gnoll sergeant (D:6)
  3 bullfrogs
  12 wights
  12 killer bees
  3 howler monkeys (D:7)
  4 jellies
  6 orc priests
  A gnoll bouda (D:7)
  7 hounds
  Crazy Yiuf (D:2)
  Natasha (thrice) (D:4)
  4 iguanas
  5 orc wizards
  13 gnolls
  8 adders
  2 shadow imps
  3 white imps
  9 worms
  2 dart slugs (D:5)
  34 orcs
  5 ball pythons
  6 bats
  7 endoplasms
  3 giant cockroaches
  12 goblins
  4 hobgoblins
  4 quokkas
  6 frilled lizards
  18 kobolds
  A rat (D:3)
233 creatures vanquished.

Notes
Turn   | Place    | Note
-------+----------+-------------------------------------------
     0 | D:1      | Ihaveafatcat the Hill Orc Fighter began the quest for the
                  | Orb.
     0 | D:1      | Reached XP level 1. HP: 19/19 MP: 1/1
    69 | D:1      | Reached XP level 2. HP: 27/27 MP: 2/2
   107 | D:1      | Reached skill level 3 in Axes
   352 | D:1      | Found Urhocsa's Jewellery Shop.
   563 | D:1      | Found a faded altar of an unknown god.
   862 | D:2      | Reached XP level 3. HP: 33/33 MP: 3/3
  1513 | D:2      | Noticed Sigmund
  1527 | D:2      | Killed Sigmund
  1528 | D:2      | Reached skill level 5 in Axes
  1528 | D:2      | Reached skill level 1 in Dodging
  1528 | D:2      | Reached XP level 4. HP: 15/41 MP: 4/4
  1528 | D:2      | Reached XP level 5. HP: 17/47 MP: 5/5
  1845 | D:2      | Found a runed translucent door.
  1846 | D:2      | Noticed Crazy Yiuf
  1910 | D:2      | Killed Crazy Yiuf
  1911 | D:2      | Reached XP level 6. HP: 23/53 MP: 6/6
  2226 | D:2      | Reached skill level 10 in Axes
  2226 | D:2      | Reached XP level 7. HP: 66/66 MP: 7/7
  2790 | D:4      | Noticed Menkaure
  2799 | D:4      | HP: 3/66 [Menkaure (2)]
  3267 | D:4      | Found Eqerphan's Weapon Emporium.
  3311 | D:4      | Noticed Natasha
  3317 | D:4      | Killed Natasha
  3338 | D:4      | Noticed Natasha
  3346 | D:4      | Killed Natasha
  3525 | D:4      | Found Qow Nuy's General Store.
  3536 | D:4      | Killed Menkaure
  3586 | D:4      | Bought a scroll of identify for 28 gold pieces
  3712 | D:4      | Noticed Natasha
  3720 | D:4      | Killed Natasha
  3721 | D:4      | Reached XP level 8. HP: 73/73 MP: 8/8
  3800 | D:4      | Found Hazo's Armour Shoppe.
  3804 | D:4      | Noticed Edmund
  3808 | D:4      | Killed Edmund
  3925 | D:4      | Found Noiwa's Assorted Antiques.
  3932 | D:4      | Bought a scroll labelled LOPHUR PENE for 29 gold pieces
  3932 | D:4      | Bought a scroll labelled BANIUL LYDAE for 29 gold pieces
  4103 | D:4      | Got the Directory of the Geologist
  4108 | D:4      | Found Tiunwuto's Book Boutique.
  4118 | D:4      | Reached skill level 11 in Axes
  4237 | D:4      | Found Fuwniumo's Armour Emporium.
  4490 | D:5      | Entered Level 5 of the Dungeon
  4495 | D:5      | Found a bloodstained altar of Trog.
  5186 | D:5      | Found a staircase to the Ecumenical Temple.
  5189 | D:5      | Found Kusch's Distillery.
  5206 | D:5      | Bought a potion of heal wounds for 65 gold pieces
  5206 | D:5      | Bought a potion of heal wounds for 65 gold pieces
  5219 | Temple   | Entered the Ecumenical Temple
  5479 | Temple   | Became a worshipper of Gozag Ym Sagoz the Greedy
  5839 | D:5      | Found a hazy altar of Hepliaklqana.
  6243 | D:5      | Found a glowing golden altar of the Shining One.
  6243 | D:5      | Found a shimmering altar of Xom.
  6349 | D:5      | Gained mutation: Your flesh is heat resistant. (rF+)
                  | [potion of mutation]
  6494 | D:6      | Reached XP level 9. HP: 39/80 MP: 9/9
  6848 | D:6      | Found Kucuucs's Armour Emporium.
  6852 | D:6      | Noticed Eustachio
  6864 | D:6      | Killed Eustachio
  7096 | D:6      | Reached skill level 12 in Axes
  8980 | D:7      | Reached XP level 10. HP: 57/89 MP: 10/10
  9545 | D:6      | Bought the +0 kite shield of the Trout {*Slow rCorr MP+9
                  | Int+4} for 426 gold pieces
  9854 | D:8      | Reached skill level 13 in Axes
 10503 | D:8      | Found a staircase to the Lair.
 10818 | D:9      | Paralysed by a hornet for 2 turns
 11466 | D:9      | Noticed Harold
 11481 | D:9      | Killed Harold
 11482 | D:9      | Reached XP level 11. HP: 34/97 MP: 11/11
 12224 | D:9      | Noticed a two-headed ogre
 12237 | D:9      | Killed a two-headed ogre
 12238 | D:9      | Reached skill level 14 in Axes
 12966 | D:5      | Bought a potion of curing for 39 gold pieces
 13036 | D:4      | Bought a potion of curing for 87 gold pieces
 13194 | D:10     | Entered Level 10 of the Dungeon
 13240 | D:10     | Noticed an eight-headed hydra
 13249 | D:10     | Slain by an 11-headed hydra

Illustrated notes

Levels and vault maps discovered:
D:1:      dpeg_arrival_round_b, layout_rooms, serial_shops, shop,
          shapermc_ecumenical_altar_hornbeckon, minivault_25,
          serial_park_tiny_2, dk_noncrumbling_4
D:2:      layout_loops_cross, minmay_curled_crystal, minmay_circled_x,
          uniq_crazy_yiuf_cottage, uniq_sigmund
D:3:      layout_rooms, kennysheep_generic_room_8
D:4:      layout_cave_pods, serial_shops, nicolae_take_the_stairs,
          nicolae_shop_statue_plus, shop, shop,
          nicolae_shop_bloodbath_and_beyond, minmay_misc_feat_diagonals,
          nicolae_stop_n_shop_1, corexii_shack, uniq_edmund, uniq_menkaure,
          uniq_natasha
D:5:      layout_gridville, trog_three_pillars_becter,
          nicolae_hepliaklqana_hippocampus, gammafunk_temple_overflow_wave,
          minmay_temple_entry_stoned_glass, serial_shops,
          nicolae_shop_hallway_stairs, nicolae_wormholes
D:6:      layout_cave_pools, serial_shops, shop, minmay_ogre_servants,
          uniq_eustachio
D:7:      mumra_celtic_spiral_tile, layout_cave_pods
D:8:      layout_basic, lair_entry_dummy, grunt_ministairs_8
D:9:      layout_stronghold, uniq_harold
D:10:     layout_roguey, zombieorc2_lemuel, serial_shops, shop_statue
Temple:   regret_index_temple_chain_breaker

Skill      XL: |  1  2  3  4  5  6  7  8  9 10 11 |
---------------+----------------------------------+-----
Axes           | 3 5 10 11 12 13 14 | 14.1
Fighting       | 4 7 8 9 |  9.2
Armour         | 4 6 7 8 |  8.9
Dodging        | 1 4 |  4.9
Stealth        | 4 |  4.3
Shields        | 6 8 |  8.3

Action                   |  1- 3 |  4- 6 |  7- 9 | 10-12 || total
-------------------------+-------+-------+-------+-------++-------
Melee: War axe           |   114 |     3 |   294 |   153 ||   564
  Use: Potion            |     2 |     3 |     6 |     4 ||    15
       Scroll            |     1 |     5 |    11 |     4 ||    21
 Stab: Distracted        |       |       |       |     2 ||     2
Armor: Scale mail        |    62 |       |    90 |    55 ||   207
Dodge: Dodged            |    50 |     1 |   118 |    76 ||   245
Block: Buckler           |    23 |       |    56 |     1 ||    80
       Kite shield       |       |       |       |    92 ||    92
